 Dungeon Crawl Stone Soup version 0.21-a0-531-gacddea6 (webtiles) character file.

8 mopl the Magician (level 2, -1/19 HPs)
             Began as a Gnoll Wanderer on Dec 12, 2017.
             Slain by a jackal (2 damage)
             ... on level 1 of the Dungeon.
             The game lasted 00:00:33 (109 turns).

mopl the Magician (Gnoll Wanderer)                   Turns: 109, Time: 00:00:34

Health: -1/19      AC:  2    Str: 13    XL:     2   Next: 8%
Magic:  10/10      EV: 11    Int: 16    God:
Gold:   10         SH:  0    Dex: 13    Spells: 15/15 levels left

rFire    . . .     SeeInvis .   a - +2 falchion
rCold    . . .     Gourm    .   (no shield)
rNeg     . . .     Faith    .   d - +0 robe
rPois    .         Spirit   .   (no helmet)
rElec    .         Reflect  .   (no cloak)
rCorr    .         Harm     .   (no gloves)
MR       .....                  (no boots)
Stlth    +++.......             (no amulet)
HPRegen  0.06/turn              (no ring)
MPRegen  0.12/turn              (no ring)

@: no status effects
A: distributed training, fangs 1, strong nose
a: no special abilities


You were on level 1 of the Dungeon.
You were not hungry.

You visited 1 branch of the dungeon, and saw 1 of its levels.

You collected 10 gold pieces.

Inventory:

Hand Weapons
 a - a +2 falchion (weapon)
 e - a +0 dagger
Missiles
 j - 8 stones (quivered)
Armour
 d - a +0 robe (worn)
Scrolls
 h - a scroll of identify {unknown}
Potions
 c - a potion of lignification {!q}
 i - a potion of curing {unknown}
Books
 b - Camen's Collected Works on Toxins

   Spells                             Type                      Level
   a - Sting                          Conjuration/Poison           1
   b - Spider Form                    Transmutation/Poison         3
Comestibles
 f - a bread ration
 g - 3 fruits


   Skills:
 + Level 0.2 Fighting
 + Level 0.2 Short Blades
 + Level 2.4 Long Blades
 + Level 0.2 Axes
 + Level 0.2 Maces & Flails
 + Level 0.2 Polearms
 + Level 0.2 Staves
 + Level 0.2 Slings
 + Level 0.2 Bows
 + Level 0.2 Crossbows
 + Level 2.4 Throwing
 + Level 0.2 Armour
 + Level 0.2 Dodging
 + Level 4.0 Stealth
 + Level 2.4 Shields
 + Level 0.2 Unarmed Combat
 + Level 7.1 Spellcasting
 + Level 2.0 Conjurations
 + Level 0.1 Hexes
 + Level 0.1 Charms
 + Level 0.1 Summonings
 + Level 0.1 Necromancy
 + Level 0.1 Translocations
 + Level 0.1 Transmutations
 + Level 0.1 Fire Magic
 + Level 0.1 Ice Magic
 + Level 2.0 Air Magic
 + Level 0.1 Earth Magic
 + Level 0.1 Poison Magic
 + Level 0.3 Invocations
 + Level 0.2 Evocations


You had 15 spell levels left.
You didn't know any spells.

Dungeon Overview and Level Annotations

Branches:
Dungeon (1/15)

Altars:


Innate Abilities, Weirdness & Mutations

Your experience applies equally to all skills.
You have very sharp teeth.
Your uncanny sense of smell can sniff out nearby items.


Message History

The jackal barks!
You hear a shout!
The jackal barely misses you. The jackal closely misses you.
You barely miss the jackal. Your bite misses the jackal.
The jackal barely misses you.
You barely miss the jackal. The jackal bites you.
* * * LOW HITPOINT WARNING * * *
The jackal bites you.
* * * LOW HITPOINT WARNING * * *
You hit the jackal but do no damage.
The jackal bites you but does no damage.
The jackal barely misses you.
The jackal bites you but does no damage.
You barely miss the jackal. The jackal barely misses you. The jackal bites you.
* * * LOW HITPOINT WARNING * * *
The jackal barely misses you.
The jackal bites you but does no damage.
Things that are here:
a club x2; a goblin corpse The jackal bites you.
You die...

.. .(# .. #.# .##.#
∆...## ###### ...
..#.# #)# #.#.# #
#.#######...# ##
#####...#.......# #.
#..@hh....###...###.
#...####.....##...##..
....# #.....##...##..
### #.....##...#...
#.....##...#...
#.....##......#
#.....####...##
####### ##.## ###


You could see 2 jackals.

Vanquished Creatures
  A dart slug (D:1)
  2 goblins (D:1)
  2 hobgoblins (D:1)
5 creatures vanquished.

Notes
Turn   | Place    | Note
-------+----------+-------------------------------------------
     0 | D:1      | mopl the Gnoll Wanderer began the quest for the Orb.
     0 | D:1      | mopl set off with: a +2 falchion, Camen's Collected Works on Toxins, a potion of lignification {!q}, a +0 robe, a +0 dagger, a bread ration
     0 | D:1      | Reached XP level 1. HP: 13/13 MP: 8/8
    43 | D:1      | Identified Camen's Collected Works on Toxins
    67 | D:1      | Reached skill level 2 in Conjurations
    67 | D:1      | Reached skill level 2 in Air Magic
    74 | D:1      | Reached XP level 2. HP: 4/19 MP: 10/10
   109 | D:1      | Slain by a jackal

Vault maps used:
D:1:      lemuel_arrival_muddy, serial_bayou_pond_a, lexackson_kobold_supper

Skill      XL: |  1 |
---------------+----+-----
Conjurations   | 2 |  2.0
Air Magic      | 2 |  2.0
Fighting       | |  0.2
Short Blades   | |  0.2
Long Blades    | |  2.4
Axes           | |  0.2
Maces & Flails | |  0.2
Polearms       | |  0.2
Staves         | |  0.2
Slings         | |  0.2
Bows           | |  0.2
Crossbows      | |  0.2
Throwing       | |  2.4
Armour         | |  0.2
Dodging        | |  0.2
Stealth        | |  4.0
Shields        | |  2.4
Unarmed Combat | |  0.2
Spellcasting   | |  7.1
Hexes          | |  0.1
Charms         | |  0.1
Summonings     | |  0.1
Necromancy     | |  0.1
Translocations | |  0.1
Transmutations | |  0.1
Fire Magic     | |  0.1
Ice Magic      | |  0.1
Earth Magic    | |  0.1
Poison Magic   | |  0.1
Invocations    | |  0.3
Evocations     | |  0.2

Action                   || total
-------------------------++-------
Melee: Falchion          ||    16
       Bite              ||     2
 Stab: Sleeping          ||     1
Armor: Robe              ||     4
Dodge: Dodged            ||     9
       Rpst.: Falchion   ||     2

Table legend:
 A = Spawn XP
 B = Non-spawn XP
 C = Spawn XP percentage of total XP
 D = Spawn monster count
 E = Non-spawn monster count
 F = Spawn count percentage of total count
 G = Total turns spent on level
                    A         B        C        D         E        F      G
               +---------+---------+-------+---------+---------+-------+---------
         Total |       0 |      12 |   0.0 |       0 |       5 |   0.0 |   109
               +---------+---------+-------+---------+---------+-------+---------
           D:1 |       0 |      12 |   0.0 |       0 |       5 |   0.0 |   109
               +---------+---------+-------+---------+---------+-------+---------
